 Dungeon Crawl Stone Soup version 0.31.0-11-ge490571c62 (webtiles) character file.

Game seed: 3268849402334866610

13 Bravepunisher the Ducker (level 2, -2/16 HPs)
             Began as a Spriggan Monk on Jan 26, 2024.
             Slain by a white imp (3 damage)
             ... on level 5 of the Dungeon.
             The game lasted 00:03:08 (573 turns).

Bravepunisher the Ducker (Spriggan Monk)             Turns: 573, Time: 00:03:09

Health: -2/16      AC:  2    Str:  7    XL:     2   Next: 24%
Magic:  3/3        EV: 18    Int: 11    God:
Gold:   4          SH:  4    Dex: 17    Spells: 1/1 levels left

rFire   . . .        a - +0 short sword
rCold   . . .        e - +0 buckler
rNeg    . . .        b - +0 robe
rPois   .            (helmet restricted)
rElec   .            (no cloak)
rCorr   .            (gloves unavailable)
SInv    +            (boots unavailable)
Will    .....        (no amulet)
Stlth   ++           (no ring)
HPRegen 0.22/turn    (no ring)
MPRegen 0.08/turn

%: no passive effects
@: very quick
A: very small, no large weapons, unfitting armour, see invisible, speed 3
a: no special abilities


You were on level 5 of the Dungeon.
You visited 1 branch of the dungeon, and saw 6 of its levels.

You collected 4 gold pieces.

Inventory:

Hand Weapons
 a - a +0 short sword (weapon)
Armour
 b - a +0 robe (worn)
 e - a +0 buckler (worn)
Scrolls
 f - a scroll of poison {unknown}
Potions
 c - a potion of ambrosia
 d - a potion of heal wounds {unknown}


   Skills:
 * Level 2.8 Fighting
 - Level 3.2 Short Blades
 + Level 4.3 Dodging
 + Level 0.0 Shields


You had one spell level left.
You didn't know any spells.
Your spell library contained the following spells:

 Spells                   Type           Power      Damage    Failure   Level
 Apportation              Tloc           0%         N/A       52%         1
 Necrotise                Necr           0%         1d4       52%         1
 Sting                    Conj/Alch      0%         1d3       52%         1
 Summon Small Mammal      Summ           0%         N/A       52%         1


Dungeon Overview and Level Annotations

Branches:
Dungeon (6/15)
 Temple: D:4-7

Altars:
Nemelex Xobeh

Shops:
D:3 ?

Annotations:
D:3 1 runed translucent door, Vadun's ghost, amateur FoFi


Innate Abilities, Weirdness & Mutations

You are very small and have problems with some larger weapons.
You are too small for most types of armour.
You have supernaturally acute eyesight. (SInv)
You cover ground extremely quickly. (Speed+++)


Message History

You hit the white imp but do no damage.
The white imp is heavily wounded.
The white imp completely misses you.
You hit the white imp.
The white imp is heavily wounded.
The white imp shouts, "Slither hence, thou fulsome mumble-news buzzard-bait!"
The white imp barely misses you.
You hit the white imp but do no damage.
The white imp is heavily wounded.
The white imp closely misses you.
You closely miss the white imp.
The white imp is heavily wounded.
You hear the slow rusting of a very distant drain.
You barely miss the white imp.
The white imp is heavily wounded.
The white imp closely misses you.
You hit the white imp but do no damage.
The white imp is heavily wounded.
The white imp gestures at you. The puff of frost hits you.
You hit the white imp.
The white imp is severely wounded.
The white imp summons a swarm of flies.
The white imp completely misses you.
You closely miss the white imp.
The white imp is severely wounded.
The white imp completely misses you.
You hit the white imp but do no damage.
The white imp is severely wounded.
The white imp hits you but does no damage.
You barely miss the white imp.
The white imp is severely wounded.
The white imp gestures at you. The puff of frost hits you!
Ouch! That really hurt!
* * * LOW HITPOINT WARNING * * *
You hit the white imp but do no damage.
The white imp is severely wounded.
The white imp hits you.
You die...

#..#'###+## ##.#.# .#
#.#'###.#
######.......##
#.....#........
#.....#.....### .
#.....#.....#
....######.....#.....#
......5@.'B..........#
....######........##.#
. #.....##.# .#
#[....##.# ..
#.....##.# ..
########.# .# .#


You could see a bombardier beetle and a white imp.

Vanquished Creatures
  2 dart slugs
  An endoplasm (D:2)
  A hobgoblin (D:3)
  4 bats
  A rat (D:3)
9 creatures vanquished.

Notes
Turn   | Place    | Note
-------+----------+-------------------------------------------
     0 | D:1      | Bravepunisher the Spriggan Monk began the quest for the
                  | Orb.
     0 | D:1      | Reached XP level 1. HP: 11/11 MP: 2/2
   137 | D:3      | Noticed an ice beast
   188 | D:3      | Found a runed translucent door.
   188 | D:3      | Noticed Vadun's ghost (amateur FoFi)
   201 | D:3      | Reached XP level 2. HP: 16/16 MP: 3/3
   301 | D:3      | Found Seixeh's Magic Scroll Emporium.
   407 | D:5      | Entered Level 5 of the Dungeon
   407 | D:5      | Noticed a kobold brigand
   464 | D:6      | Found a sparkling altar of Nemelex Xobeh.
   466 | D:6      | Noticed a scorpion
   524 | D:5      | Noticed a bombardier beetle
   573 | D:5      | Slain by a white imp

Illustrated notes

Levels and vault maps discovered:
D:1:      minmay_arrival_arboretum_small, layout_basic,
          hellmonk_ecumenical_altar_run_dry, minmay_misc_feat_chi
D:2:      layout_loops_cross, serial_shops, shop, hangedman_decor_push
D:3:      layout_loops_ring, serial_shops, shop_fountains,
          gammafunk_ghost_grave, kennysheep_doodads
D:4:      layout_basic, mainiacjoe_overflow_concentric_impassable,
          lemuel_round_altar, nicolae_ossuary_entry_false_entrances,
          nrook_campfire, dilly_guarded_unrand_devastator, uniq_robin
D:5:      layout_basic, gup_sewer_entry_spiral, lemuel_flame_loot_1
D:6:      layout_rooms, mainiacjoe_overflow_alcove_1,
          nicolae_gozag_seed_capital, grunt_decor_clamped

Action                     || total
---------------------------++-------
  Melee: Short sword       ||    59
 Armour: Robe              ||    22
  Dodge: Dodged            ||    52
  Block: Buckler           ||     3
